 Dungeon Crawl Stone Soup version 0.21.1-1-g345015f (webtiles) character file.

147 tidbits the Digger (level 5, -5/37 HPs)
             Began as a Gnoll Earth Elementalist on Mar 31, 2018.
             Slain by a wight
             ... wielding a cursed +2 war axe
              (10 damage)
             ... on level 4 of the Dungeon.
             The game lasted 00:05:04 (355 turns).

tidbits the Digger (Gnoll Earth Elementalist)        Turns: 355, Time: 00:05:05

Health: -5/37      AC:  4    Str: 11    XL:     5   Next: 29%
Magic:  8/12       EV: 18    Int: 18    God:
Gold:   75         SH:  0    Dex: 15    Spells: 8/14 levels left

rFire    . . .     SeeInvis .   a - +0 dagger
rCold    . . .     Gourm    .   (no shield)
rNeg     . . .     Faith    .   c - +0 robe
rPois    .         Spirit   .   (no helmet)
rElec    .         Reflect  .   C - +0 cloak (curse)
rCorr    .         Harm     .   G - +0 pair of gloves
MR       .....                  (no boots)
Stlth    +++.......             (no amulet)
HPRegen  0.12/turn              V - +4 ring of evasion
MPRegen  0.13/turn              (no ring)

@: drained
A: distributed training, fangs 1, strong nose
a: no special abilities


You were on level 4 of the Dungeon.
You were not hungry.

You visited 1 branch of the dungeon, and saw 6 of its levels.

You collected 75 gold pieces.

Inventory:

Hand Weapons
 a - a +0 dagger (weapon)
 b - a +3 morningstar of freezing
   (You took it off a wight on level 5 of the Dungeon)
Missiles
 h - 31 arrows
 m - a stone (quivered)
Armour
 c - a +0 robe (worn)
 C - a cursed +0 cloak (worn)
 G - a +0 pair of gloves (worn)
Jewellery
 V - a +4 ring of evasion (left hand)
   (You found it on level 2 of the Dungeon)
Scrolls
 g - 3 scrolls of remove curse {unknown}
 j - a scroll of magic mapping {unknown}
 k - a scroll of noise {unknown}
 l - a scroll of enchant armour {unknown}
Potions
 f - a potion of agility {unknown}
 i - a potion of curing {unknown}
Books
 e - a book of Geomancy

   Spells                             Type                      Level
   a - Sandblast                      Earth                        1
   b - Passwall                       Transmutation/Earth          2
   c - Stone Arrow                    Conjuration/Earth            3
   d - Petrify                        Transmutation/Earth          4
   e - Lee's Rapid Deconstruction     Earth                        5
Comestibles
 d - a ration


   Skills:
 + Level 1.4(1.0) Fighting
 + Level 1.4(1.0) Short Blades
 + Level 1.4(1.0) Long Blades
 + Level 1.4(1.0) Axes
 + Level 1.4(1.0) Maces & Flails
 + Level 1.4(1.0) Polearms
 + Level 1.4(1.0) Staves
 + Level 1.4(1.0) Slings
 + Level 1.4(1.0) Bows
 + Level 1.4(1.0) Crossbows
 + Level 1.4(1.0) Throwing
 + Level 1.4(1.0) Armour
 + Level 4.7(4.4) Dodging
 + Level 4.3(4.0) Stealth
 + Level 1.4(1.0) Shields
 + Level 1.4(1.0) Unarmed Combat
 + Level 5.1(4.8) Spellcasting
 + Level 1.1(0.8) Conjurations
 + Level 1.1(0.8) Hexes
 + Level 1.1(0.8) Charms
 + Level 1.1(0.8) Summonings
 + Level 1.1(0.8) Necromancy
 + Level 1.1(0.8) Translocations
 + Level 2.3(2.0) Transmutations
 + Level 1.1(0.8) Fire Magic
 + Level 1.1(0.8) Ice Magic
 + Level 1.1(0.8) Air Magic
 + Level 5.5(5.1) Earth Magic
 + Level 1.1(0.8) Poison Magic
 + Level 1.5(1.2) Invocations
 + Level 1.4(1.0) Evocations


You had 8 spell levels left.
You knew the following spells:

 Your Spells              Type           Power        Failure   Level  Hunger
a - Sandblast             Erth           ###...       1%          1    None
j - Stone Arrow           Conj/Erth      ###...       12%         3    ###....
p - Passwall              Tmut/Erth      ###.......   4%          2    #......


Dungeon Overview and Level Annotations

Branches:
Dungeon (6/15)
 Temple: D:4-7

Altars:
Ashenzari
Kikubaaqudgha
Trog
Vehumet
Xom


Innate Abilities, Weirdness & Mutations

Your experience applies equally to all skills.
You have very sharp teeth.
Your uncanny sense of smell can sniff out nearby items.


Message History

Aiming: Sandblast
Press: ? - help, Shift-Dir - straight line, f - wight
Aim: a wight, wielding an enchanted mace and wearing a robe (almost destroyed)
The blast of sand misses the wight.
b - 4 stones The wight hits you with an enchanted mace!
You feel drained.
* * * LOW HITPOINT WARNING * * *
Casting: Sandblast
Confirm with . or Enter, or press ? or * to list all spells.
Aiming: Sandblast
Press: ? - help, Shift-Dir - straight line, f/p - wight
Aim: a wight, wielding an enchanted mace and wearing a robe (almost destroyed)
The blast of sand hits the wight.
You destroy the wight!
You have reached level 5!
b - 3 stones
Things that are here:
a morningstar of freezing; a robe
m - a morningstar of freezing
There is a stone staircase leading up here.
Things that are here:
an enchanted mace; a robe Adjust (i)tems, (s)pells, or (a)bilities?
Adjust which item? (? for menu, Esc to quit)
m - a morningstar of freezing Adjust to which letter? (? for menu, Esc to quit)
b - a morningstar of freezing;
m - 3 stones (quivered)
You climb upwards.
Found 17 bolts.
There is a stone staircase leading down here.
Unknown command.
You climb downwards.
There is a stone staircase leading up here.
Things that are here:
a robe; an enchanted mace Unknown command.
There is a stone staircase leading up here.
You climb upwards.
The adder hisses angrily.
The adder barely misses you.
There is a stone staircase leading down here.
Unknown command.
Casting: Sandblast
Confirm with . or Enter, or press ? or * to list all spells.
Aiming: Sandblast
Press: ? - help, Shift-Dir - straight line, f - adder
Aim: an adder The blast of sand hits the adder.
You kill the adder!
m - 2 stones A howler monkey comes into view.
The howler monkey howls!
Found a ration.
Unknown command.
Found a dagger.
The howler monkey hoots and howls with incredible vigour!
You hear a shout! x5
There is a stone staircase leading down here.
The howler monkey hoots and howls with incredible vigour!
You hear a shout! x2
You climb downwards.
There is a stone staircase leading up here.
Unknown command.
There is a stone staircase leading up here.
Things that are here:
a robe; an enchanted mace
There is a stone staircase leading down, spattered with blood here.
You climb downwards.
The wight misses you. The wight barely misses you.
The wight closely misses you. The wight misses you.
There is a stone staircase leading up here.
Unknown command.
Unknown command.
The wight closely misses you. x2
The wight hits you with an enchanted war axe.
* * * LOW HITPOINT WARNING * * *
You feel drained.
* * * LOW HITPOINT WARNING * * *
You climb upwards.
There is a stone staircase leading down, spattered with blood here.
Unknown command.
You see here a robe.
The wight hits you with an enchanted war axe.
* * * LOW HITPOINT WARNING * * *
There is a stone staircase leading up here.
The wight misses you. x2
You climb upwards.
The howler monkey closely misses you. The howler monkey misses you.
There is a stone staircase leading down here.
Unknown command.
Okay, then.
Casting: Sandblast
Confirm with . or Enter, or press ? or * to list all spells.
Aiming: Sandblast
Press: ? - help, Shift-Dir - straight line, f - howler monkey
Aim: a howler monkey The blast of sand misses the howler monkey.
m - a stone The wight hits you with an enchanted war axe!
You die...

...#.# # ...#.# #.
..#.### ... ......
#.#.#.##.#.###
.............# #
..#)#....#.#.#.#.#
.#......z......
%.......h@.##...
.###.#.###z.....#
#.#.# ..#...#
..#.# ..# ...
...... ... ## #.
#. #.#. #.#.# .. .
#.####.#


You could see a howler monkey and 2 wights.

Vanquished Creatures
  2 wights (D:5)
  A worker ant zombie (D:5)
  3 adders
  An ooze (D:2)
  A worm (D:2)
  4 orcs
  A kobold (D:3)
  A quokka (D:2)
  A ball python (D:2)
  3 bats
  2 frilled lizards (D:2)
  A rat (D:2)
21 creatures vanquished.

Notes
Turn   | Place    | Note
-------+----------+-------------------------------------------
     0 | D:1      | tidbits the Gnoll Earth Elementalist began the quest for the Orb.
     0 | D:1      | Reached XP level 1. HP: 13/13 MP: 6/6
    52 | D:2      | Reached skill level 2 in Transmutations
    52 | D:2      | Reached XP level 2. HP: 19/19 MP: 4/7
    59 | D:2      | Learned a level 2 spell: Passwall
    90 | D:2      | Reached skill level 5 in Spellcasting
    90 | D:2      | Reached XP level 3. HP: 20/25 MP: 2/9
    95 | D:2      | Learned a level 3 spell: Stone Arrow
   147 | D:2      | Found a shattered altar of Ashenzari.
   152 | D:2      | Found an ancient bone altar of Kikubaaqudgha.
   157 | D:2      | Found a radiant altar of Vehumet.
   157 | D:2      | Found a bloodstained altar of Trog.
   159 | D:2      | Found a shimmering altar of Xom.
   235 | D:3      | Reached skill level 1 in Invocations
   287 | D:5      | Entered Level 5 of the Dungeon
   292 | D:5      | Reached skill level 1 in Fighting
   292 | D:5      | Reached skill level 1 in Short Blades
   292 | D:5      | Reached skill level 1 in Long Blades
   292 | D:5      | Reached skill level 1 in Axes
   292 | D:5      | Reached skill level 1 in Maces & Flails
   292 | D:5      | Reached skill level 1 in Polearms
   292 | D:5      | Reached skill level 1 in Staves
   292 | D:5      | Reached skill level 1 in Slings
   292 | D:5      | Reached skill level 1 in Bows
   292 | D:5      | Reached skill level 1 in Crossbows
   292 | D:5      | Reached skill level 1 in Throwing
   292 | D:5      | Reached skill level 1 in Armour
   292 | D:5      | Reached skill level 1 in Shields
   292 | D:5      | Reached skill level 1 in Unarmed Combat
   292 | D:5      | Reached skill level 1 in Evocations
   320 | D:5      | Reached skill level 1 in Conjurations
   320 | D:5      | Reached skill level 1 in Hexes
   320 | D:5      | Reached skill level 1 in Charms
   320 | D:5      | Reached skill level 1 in Summonings
   320 | D:5      | Reached skill level 1 in Necromancy
   320 | D:5      | Reached skill level 1 in Translocations
   320 | D:5      | Reached skill level 1 in Fire Magic
   320 | D:5      | Reached skill level 1 in Ice Magic
   320 | D:5      | Reached skill level 1 in Air Magic
   320 | D:5      | Reached skill level 1 in Poison Magic
   320 | D:5      | Reached XP level 4. HP: 32/32 MP: 7/11
   322 | D:5      | Reached XP level 5. HP: 15/37 MP: 5/12
   355 | D:4      | Slain by a wight

Skill      XL: |  1  2  3 |
---------------+----------+-----
Transmutations | 2 |  2.3
Spellcasting   | 5 |  5.1
Invocations    | 1 |  1.5
Fighting       | 1 |  1.4
Short Blades   | 1 |  1.4
Long Blades    | 1 |  1.4
Axes           | 1 |  1.4
Maces & Flails | 1 |  1.4
Polearms       | 1 |  1.4
Staves         | 1 |  1.4
Slings         | 1 |  1.4
Bows           | 1 |  1.4
Crossbows      | 1 |  1.4
Throwing       | 1 |  1.4
Armour         | 1 |  1.4
Shields        | 1 |  1.4
Unarmed Combat | 1 |  1.4
Evocations     | 1 |  1.4
Conjurations   | 1 |  1.1
Hexes          | 1 |  1.1
Charms         | 1 |  1.1
Summonings     | 1 |  1.1
Necromancy     | 1 |  1.1
Translocations | 1 |  1.1
Fire Magic     | 1 |  1.1
Ice Magic      | 1 |  1.1
Air Magic      | 1 |  1.1
Poison Magic   | 1 |  1.1
Dodging        | |  4.7
Stealth        | |  4.3
Earth Magic    | |  5.5

Action                   |  1- 3 |  4- 6 || total
-------------------------+-------+-------++-------
Melee: Dagger            |    17 |       ||    17
       Bite              |     3 |       ||     3
 Cast: Sandblast         |    24 |     5 ||    29
       Passwall          |     1 |       ||     1
 Stab: Sleeping          |     2 |       ||     2
Armor: Robe              |     5 |       ||     5
Dodge: Dodged            |    27 |    12 ||    39

Table legend:
 A = Turns spent in this place as a percentage of turns spent in the entire game.
 B = Non-inter-level travel turns spent in this place as a percentage of non-inter-level travel turns spent in the entire game.
 C = Inter-level travel turns spent in this place as a percentage of turns spent in this place.
 D = Turns resting spent in this place as a percentage of non-inter-level travel turns spent in this place.
 E = Turns spent auto-exploring this place as a percentage of non-inter-level travel turns spent in this place.
 F = Non-inter-level travel turns spent in this place divided by the number of levels of this place that you've seen.
                   A       B       C       D       E      F
               +-------+-------+-------+-------+-------+----------------------
         Total | 100.0 | 100.0 |   0.0 |   0.0 |   0.0 |  59.2
       Dungeon | 100.0 | 100.0 |   0.0 |   0.0 |   0.0 |  59.2
               +-------+-------+-------+-------+-------+----------------------

Table legend:
 A = Kills in this place as a percentage of kills in entire the game.
 B = Kills by you in this place as a percentage of kills by you in the entire game.
 C = Kills by friends in this place as a percentage of kills by friends in the entire game.
 D = Other kills in this place as a percentage of other kills in the entire game.
 E = Experience gained in this place as a percentage of experience gained in the entire game.
 F = Experience gained in this place divided by the number of levels of this place that you have seen.
                   A       B       C       D       E      F
               +-------+-------+-------+-------+-------+----------------------
         Total | 100.0 | 100.0 |   N/A |   N/A | 100.0 |  35.0
       Dungeon | 100.0 | 100.0 |   N/A |   N/A | 100.0 |  35.0
               +-------+-------+-------+-------+-------+----------------------

Vault maps used:
D:1:      minmay_arrival_four_houses, serial_forest,
          infiniplex_forest_clump_long, infiniplex_forest_lined_room_3,
          infiniplex_forest_lined_corner, infiniplex_forest_clump_tiny,
          infiniplex_forest_join, infiniplex_forest_clump_tiny,
          infiniplex_forest_clump_double, minmay_misc_feat_four_crosses
D:2:      lemuel_blue_sif_altar, nicolae_overflow_hidden_temple
D:3:      minmay_randomly_rotated_circles, uniq_crazy_yiuf_cottage
D:4:      first_ration
D:6:      grunt_dithmenos_shadows, grunt_decor_fettered
